 Dungeon Crawl Stone Soup version 0.26.1-11-gd32895ea62 (webtiles) character file.

Game seed: 12542706318250829759

95 Descartes the Magician (level 4, -3/25 HPs)
             Began as a Deep Elf Wanderer on Apr 20, 2021.
             Killed by divine providence
             ... invoked by an orc priest
              (17 damage)
             ... on level 3 of the Dungeon.
             The game lasted 00:05:40 (2558 turns).

Descartes the Magician (Deep Elf Wanderer)          Turns: 2558, Time: 00:05:41

Health: -3/25      AC:  7    Str:  9    XL:     4   Next: 39%
Magic:  15/21      EV: 10    Int: 20    God:
Gold:   122        SH:  8    Dex: 12    Spells: 11/12 levels left

rFire    . . .     SeeInvis .   a - +0 dagger
rCold    . . .     Faith    .   x - +0 buckler
rNeg     . . .     Spirit   .   c - +0 robe
rPois    .         Reflect  +   f - +0 helmet
rElec    .         Harm     .   g - +2 cloak
rCorr    .         Rampage  .   (no gloves)
Will     .....                  p - +0 pair of boots
Stlth    +.........             d - amulet of reflection
HPRegen  0.08/turn              e - ring of magical power
MPRegen  0.17/turn              (no ring)

@: no status effects
A: no striking features
a: no special abilities


You were on level 3 of the Dungeon.
You visited 1 branch of the dungeon, and saw 3 of its levels.

You collected 122 gold pieces.

Inventory:

Hand Weapons
 a - a +0 dagger (weapon)
Missiles
 j - 47 stones
 l - 12 bolts
 u - 26 arrows
 v - 21 sling bullets
Armour
 c - a +0 robe (worn)
 f - a +0 helmet (worn)
 g - a +2 cloak (worn)
 p - a +0 pair of boots (worn)
 x - a +0 buckler (worn)
Jewellery
 d - an amulet of reflection (around neck)
 e - a ring of magical power (left hand)
Scrolls
 h - a scroll of amnesia {unknown}
 i - a scroll of enchant weapon {unknown}
 m - 5 scrolls of identify {unknown}
 r - a scroll of random uselessness {unknown}
 s - a scroll of remove curse {unknown}
 y - a scroll of immolation {unknown}
Potions
 b - 4 potions of curing
 k - a potion of might {unknown}
 n - 2 potions of flight {unknown}
 o - a potion of heal wounds {unknown}
 q - a potion of haste {unknown}
 t - a potion of degeneration {unknown}
 w - a potion of lignification {unknown}


   Skills:
 - Level 1.5 Fighting
 - Level 1.3 Bows
 + Level 1.0 Shields
 + Level 4.9 Spellcasting
 + Level 3.0 Conjurations
 - Level 1.1 Summonings
 - Level 2.1 Transmutations
 - Level 1.1 Evocations


You had 11 spell levels left.
You knew the following spells:

 Your Spells              Type           Power        Failure   Level
a - Magic Dart            Conj           68%          4%          1

Your spell library contained the following spells:

 Spells                   Type           Power        Failure   Level
 Call Imp                 Summ           9%           16%         2
 Blink                    Tloc           N/A          26%         2
 Slow                     Hex            4%           26%         2
 Conjure Flame            Conj/Fire      11%          26%         3
 Mephitic Cloud           Conj/Pois/Air  9%           32%         3


Dungeon Overview and Level Annotations

Branches:
Dungeon (3/15)

Altars:


Message History

The magic dart hits the orc priest but does no damage.
The orc priest is lightly wounded.
The orc priest mumbles some strange prayers to Beogh against you.
Beogh smites you!
* * * LOW HITPOINT WARNING * * *
Casting: Magic Dart (safe; 4% risk of failure)
Confirm with . or Enter, or press ? or * to list all spells.
Aiming: Magic Dart (safe; 4% risk of failure)
Press: ? - help, Shift-Dir - straight line, f/p - orc priest
Aim: an orc priest, wielding a +0 war axe and wearing a +0 leather armour (moderately wounded, 0% to evade)
The magic dart hits the orc priest but does no damage.
The orc priest is lightly wounded.
You block the orc priest's attack.
Unknown command.
You feel better.
The orc priest miscasts a cantrip.
The orc priest invokes the aid of Beogh against you.
Beogh smites you!
Ouch! That really hurt!
You die...

...... ##.#..
.....
#..o#######
#...#.....#
#.o......#
#.>#.#####
#####o#o#####
.........@.<#
.......######
.......
.......
....#+# ##..
... #.


You could see an orc priest and an orc.

Vanquished Creatures
  3 adders (D:2)
  An ooze (D:2)
  A worm (D:2)
  A dart slug (D:1)
  2 leopard geckos (D:2)
  9 bats
  4 giant cockroaches
  4 goblins
  5 hobgoblins
  4 jackals (D:1)
  5 kobolds
  7 frilled lizards
  13 rats
59 creatures vanquished.

Notes
Turn   | Place    | Note
-------+----------+-------------------------------------------
     0 | D:1      | Descartes the Deep Elf Wanderer began the quest for the
                  | Orb.
     0 | D:1      | Descartes set off with the following items: a +0 dagger, 2
                  | potions of curing, a +0 robe; and the following spell
                  | memorised: Magic Dart; and the following spells available
                  | to memorise: Call Imp, Blink, Slow, Conjure Flame, Mephitic
                  | Cloud
     0 | D:1      | Reached XP level 1. HP: 12/12 MP: 6/6
   248 | D:1      | Reached skill level 1 in Conjurations
   523 | D:1      | Reached XP level 2. HP: 16/16 MP: 8/8
  1141 | D:1      | Reached skill level 4 in Spellcasting
  1292 | D:1      | Reached XP level 3. HP: 20/20 MP: 10/10
  1993 | D:2      | Reached XP level 4. HP: 25/25 MP: 12/12
  2558 | D:3      | Killed from afar by an orc priest

Illustrated notes

Levels and vault maps discovered:
D:1:      psy_arrival_radial01, layout_basic
D:2:      layout_rooms, minmay_rat_gold_closets
D:3:      layout_basic, gammafunk_ghost_arena, chequers_ecumenical_altar_simple,
          uniq_grinder

Skill      XL: |  1  2  3  4 |
---------------+-------------+-----
Conjurations   | 1 2 3 |  3.0
Spellcasting   | 4 |  4.9
Fighting       | |  1.5
Bows           | |  1.3
Shields        | |  1.0
Summonings     | |  1.1
Transmutations | |  2.1
Evocations     | |  1.1

Action                   |  1- 3 |  4- 6 || total
-------------------------+-------+-------++-------
Melee: Dagger            |     6 |       ||     6
 Cast: Magic Dart        |   114 |    42 ||   156
  Use: Potion            |       |     1 ||     1
Armor: Robe              |    22 |     1 ||    23
Dodge: Dodged            |    19 |       ||    19
Block: Other             |     9 |       ||     9
       Reflection        |     1 |       ||     1
       Buckler           |       |     1 ||     1
